AoeStats
← Father Mike Fernandes SJ

Arabia

505440967Analyzed
1v1 RM · 24d ago on Sep 9, 2026· 43m 30s· 2 players
Game mode
Random Map
Map size
Tiny (2 player)
Population
200
Speed
Normal
Resources
Standard
Victory
Conquest
Starting age
Dark Age
Ending age
Imperial Age
RankedLock teamsTeams togetherTeam positionsShared explorationLock speedFull tech treeHidden civsTurbo modeCheats
Victory
Defeat
855
+17
🇫🇷 Dravidians · France
875
-17
Father Mike Fernandes SJ
9:24 Feudal Age
7:40 Loom
9:59 Double-Bit Axe
19:39 Castle Age
20:10 Forging
20:06 Scale Barding Armor
21:08 Husbandry
35:27 Imperial Age
33:27 Scale Mail Armor
34:03 Iron Casting
34:45 Wheelbarrow
35:17 Squires
35:03 Arson
36:38 Conscription
35:56 Cavalier
38:54 Blast Furnace
38:15 Chain Barding Armor
39:27 Ballistics
40:07 Bow Saw
40:29 Paladin
41:51 Hand Cart
lucasroger53
0:54 Loom
1:57 Loom
2:41 Loom
11:11 Feudal Age
12:33 Wheelbarrow
11:46 Double-Bit Axe
11:45 Horse Collar
13:13 Gold Mining
16:33 Stone Mining
24:09 Castle Age
25:23 Hand Cart
25:31 Pikeman
26:12 Squires
42:58 Imperial Age
Connection lost

Rejoining the realm…

Still unreachable

The connection could not be restored.

Session expired

The server has moved on; the page needs a fresh start.